 Dungeon Sprint DCSS version 0.31-a0-1376-g36f0627844 (webtiles) character file.

Game seed: 3028560975076233371

13000000 Groucho the Intangible (level 27, -155/228 HPs)
             Began as a Djinni Warper on Dec 24, 2023.
             Was the Champion of Makhleb.
             Annihilated by a fleshlord
             ... wielding a +9 great mace
              (266 damage)
             ... in the Dungeon (Sprint VIII: "Arena of Blood").
             The game lasted 00:03:55 (130 turns).

Groucho the Intangible (Djinni Warper)               Turns: 130, Time: 00:03:56

Health: -155/228   AC:  6    Str: 10    XL:     27
Gold:   0          EV: 29    Int: 24    God:    Makhleb [******] SH:  0 Dex: 18

rFire   + + .        i - +∞ Axe of Woe
rCold   x . .        (shield currently unavailable)
rNeg    . . .        b - +0 leather armour
rPois   ∞            (no helmet)
rElec   .            (no cloak)
rCorr   .            (no gloves)
SInv    +            (boots unavailable)
Will    ++...        (no amulet)
Stlth   +++++++++    c - ring of see invisible
HPRegen 0.58/turn    (no ring)
MPRegen 0.00/turn

%: no teleportation, infuse magic (-156 HP)
@: flying, slowed, very slow
A: sickness immunity, fire resistance 2, cold vulnerability 1, float, innate
caster, HP casting, extra vitality 1
a: Renounce Religion, Minor Destruction, Lesser Servant of Makhleb, Major
Destruction, Greater Servant of Makhleb


You were in the Dungeon.
You worshipped Makhleb.
Makhleb was exalted by your worship.
You visited 1 branch

Inventory:

Hand Weapons
 a - a +0 hand axe
 i - the +∞ Axe of Woe (weapon)
   (You found it in the Dungeon)
Missiles
 d - 7 darts of dispersal
Armour
 b - a +0 leather armour (worn)
Jewellery
 c - a ring of see invisible (left hand)
Potions
 e - a potion of curing
 f - a potion of heal wounds
 g - a potion of haste
 h - a potion of berserk rage


   Skills:
 O Level 27 Fighting
 O Level 27 Short Blades
 O Level 27 Long Blades
 O Level 27 Axes
 O Level 27 Maces & Flails
 O Level 27 Polearms
 O Level 27 Staves
 O Level 27 Ranged Weapons
 O Level 27 Throwing
 O Level 27 Armour
 O Level 27 Dodging
 O Level 27 Stealth
 O Level 27 Shields
 O Level 27 Unarmed Combat
 O Level 27 Spellcasting
 O Level 27 Conjurations
 O Level 27 Hexes
 O Level 27 Summonings
 O Level 27 Necromancy
 O Level 27 Translocations
 O Level 27 Fire Magic
 O Level 27 Ice Magic
 O Level 27 Air Magic
 O Level 27 Earth Magic
 O Level 27 Alchemy
 O Level 27 Invocations
 O Level 27 Evocations
 O Level 27 Shapeshifting


You knew the following spells:

 Your Spells              Type           Power      Damage    Failure   Level
a - Blink                 Tloc           100%       N/A       0%          2
b - Lesser Beckoning      Tloc           100%       N/A       0%          2
c - Teleport Other        Tloc           100%       N/A       0%          3
d - Manifold Assault      Tloc           100%       N/A       0%          4
e - Vhi's Electric Charg  Tloc/Air       100%       N/A       0%          4
f - Foxfire               Conj/Fire      100%       2x1d9     0%          1
g - Passwall              Alch/Erth      86%        N/A       0%          2
h - Jinxbite              Hex            100%       N/A       0%          2
i - Leda's Liquefaction   Alch/Erth      52%        N/A       0%          4
j - Flame Wave            Conj/Fire      100%       2d21      0%          4
k - Metabolic Englaciati  Hex/Ice        52%        N/A       0%          5
l - Starburst             Conj/Fire      52%        6d14      0%          6
m - Summon Cactus Giant   Summ           52%        N/A       0%          6
n - Summon Hydra          Summ           52%        N/A       0%          7
o - Disjunction           Tloc           52%        N/A       1%          8
p - Infestation           Necr           52%        N/A       1%          8
q - Death's Door          Necr           52%        N/A       1%          9
r - Chain Lightning       Conj/Air       52%        3d69      1%          9
Your spell library was empty.

Dungeon Overview and Level Annotations

Branches:
Dungeon (1/1)

Altars:
Makhleb


Innate Abilities, Weirdness & Mutations

You are immune to sickness and miasma.
You are immune to poison.
Your flesh is very heat resistant. (rF++)
You are vulnerable to cold. (rC-)
You float through the air rather than walking.
You learn spells naturally, not from books.
Your magical power is your life essence.
You have superior vitality. (+4 MHP)


Message History

You slice the meat beast!!
You pulverise the meat beast into a thin bloody mist.
You kill the meat beast!
Makhleb accepts your kill.
You feel better.
The observer appears out of thin air!
An observer comes into view.
The observer turns its gaze towards you.
You hear a shout!
A meat berserker comes into view. It is wielding a +9 battleaxe.
The observer gazes at you. Something smites you! The observer gazes at you.
Something smites you!
A bag of meat comes into view. It is wielding a +9 war axe.
A fleshlord comes into view. It is wielding a +9 great mace.
You hear a shout! x3
Unknown command.
The fleshlord shouts!
You slash the meat berserker!
You cleave the meat berserker in twain.
You kill the meat berserker!
Makhleb accepts your kill.
You feel better.
The meat beast appears out of thin air!
A meat beast comes into view.
You hear a shout! x2
The observer gazes at you.
The fireball explodes!
The fireball engulfs you!! You resist.
The fireball engulfs the fleshlord.
The fleshlord completely resists.
A bag of meat comes into view. It is wielding a +9 war axe.
The observer pulsates ominously.
The observer gazes at you. Something smites you!
A destroyer comes into view. It is wielding a +9 heavy great sword.
The fleshlord points at you and mumbles some strange words.
You barely resist. The observer gazes at you. Something smites you!
The fleshlord hits you with a +9 great mace!!!!!
Ouch! That really hurt!
You die...

..... #..V..#...))
V.).V.#_.<._#.....
...)).#))...#.po..
#....G).)_.))))o ..
.....o)o###)D......
..)###V))2...###§§.
.p...#.).))..#..§§.
...)#))p).).#..§§§
.).)p.)@))).).)...
..)))...)G))G).)#.
).)).G)..))).))#..
...).....))))##...
...#..)...))#)....
........)))O#...##
..##.#...)..)....)
.......))......)..
#☼...#..)..####..


You could see a meat beast (wandering, fast), an eight-headed meat hydra, 2
destroyers, 4 observers, 4 fleshlords, a meat berserker (berserk) and 4 bags of
meat.

Vanquished Creatures
  8 hell knights (D)
  9 hell beasts (D)
  Edmund (D)
  7 royal mummies (D)
  5 great orbs of eyes (D)
  11 wraiths (D)
  16 vampire knights (D)
  54 ogres (D)
  12 two-headed ogres (D)
  9 liches (D)
  2 hydras (D)
  7 phantoms (D)
  88 orcs (D)
  6 skeletal warriors (D)
  4 sea snakes (D)
239 creatures vanquished.

Notes
Turn   | Place    | Note
-------+----------+-------------------------------------------
     0 | D        | Found the +∞ Axe of Woe
     0 | D        | Groucho the Djinni Warper began the quest for the Orb.
     0 | D        | Groucho set off with the following spells memorised: Blink,
                  | Lesser Beckoning, Teleport Other, Manifold Assault, Vhi's
                  | Electric Charge.
     0 | D        | Reached XP level 1. HP: 18/18 MP: 0/0
     3 | D        | Noticed a meat berserker
     4 | D        | Became a worshipper of Makhleb the Destroyer
     5 | D        | Noticed a bag of meat
     5 | D        | Noticed a meat berserker
     6 | D        | Noticed a meat berserker
     6 | D        | Noticed a bag of meat
     7 | D        | Killed a meat berserker
     7 | D        | Killed a meat berserker
     7 | D        | Reached * piety under Makhleb
     7 | D        | Noticed a meat berserker
     7 | D        | Noticed a bag of meat
     7 | D        | Noticed a bag of meat
     7 | D        | Noticed a meat berserker
     7 | D        | Noticed a bag of meat
     8 | D        | Reached skill level 5 in Throwing
     8 | D        | Reached XP level 2. HP: 13/49 MP: 0/0
     8 | D        | Reached XP level 3. HP: 15/56 MP: 0/0
     8 | D        | Learned a level 1 spell: Foxfire
     8 | D        | Reached XP level 4. HP: 16/62 MP: 0/0
     8 | D        | Reached XP level 5. HP: 18/68 MP: 0/0
     8 | D        | Learned a level 2 spell: Passwall
     8 | D        | Reached XP level 6. HP: 20/75 MP: 0/0
     8 | D        | Reached XP level 7. HP: 21/80 MP: 0/0
     8 | D        | Learned a level 2 spell: Jinxbite
     8 | D        | Reached XP level 8. HP: 23/87 MP: 0/0
     8 | D        | Reached XP level 9. HP: 25/93 MP: 0/0
     8 | D        | Learned a level 4 spell: Leda's Liquefaction
     8 | D        | Reached XP level 10. HP: 27/100 MP: 0/0
     8 | D        | Reached XP level 11. HP: 28/105 MP: 0/0
     8 | D        | Learned a level 4 spell: Flame Wave
     8 | D        | Reached XP level 12. HP: 30/112 MP: 0/0
     8 | D        | Reached XP level 13. HP: 31/118 MP: 0/0
     8 | D        | Learned a level 5 spell: Metabolic Englaciation
     8 | D        | Noticed a bag of meat
     8 | D        | Killed a meat berserker
     8 | D        | Killed a bag of meat
     8 | D        | Killed a bag of meat
     8 | D        | Reached ** piety under Makhleb
     8 | D        | Noticed a meat berserker
     9 | D        | Reached XP level 14. HP: 86/132 MP: 0/0
     9 | D        | Reached XP level 15. HP: 90/138 MP: 0/0
     9 | D        | Learned a level 6 spell: Starburst
    10 | D        | Noticed a meat berserker
    12 | D        | Killed a meat berserker
    12 | D        | Reached *** piety under Makhleb
    12 | D        | Noticed a meat berserker
    13 | D        | Reached XP level 16. HP: 91/150 MP: 0/0
    13 | D        | Killed a meat berserker
    13 | D        | Noticed a meat berserker
    14 | D        | Killed a meat berserker
    14 | D        | Noticed a meat berserker
    15 | D        | Reached skill level 27 in Fighting
    15 | D        | Reached skill level 10 in Armour
    15 | D        | Reached skill level 27 in Dodging
    15 | D        | Reached XP level 17. HP: 132/160 MP: 0/0
    15 | D        | Learned a level 6 spell: Summon Cactus Giant
    16 | D        | Reached **** piety under Makhleb
    16 | D        | Noticed a meat berserker
    17 | D        | Killed a meat berserker
    18 | D        | Reached skill level 27 in Axes
    18 | D        | Reached skill level 15 in Armour
    18 | D        | Killed a meat berserker
    18 | D        | Killed a meat berserker
    18 | D        | Reached ***** piety under Makhleb
    19 | D        | Reached skill level 10 in Spellcasting
    19 | D        | Reached skill level 10 in Conjurations
    19 | D        | Reached skill level 10 in Hexes
    19 | D        | Reached skill level 10 in Summonings
    19 | D        | Reached skill level 10 in Necromancy
    19 | D        | Reached skill level 10 in Translocations
    19 | D        | Reached skill level 10 in Fire Magic
    19 | D        | Reached skill level 10 in Ice Magic
    19 | D        | Reached skill level 10 in Air Magic
    19 | D        | Reached skill level 10 in Earth Magic
    19 | D        | Reached skill level 10 in Alchemy
    19 | D        | Reached XP level 18. HP: 167/167 MP: 0/0
    19 | D        | Killed a meat berserker
    19 | D        | Noticed a meat berserker
    20 | D        | Noticed a meat berserker
    20 | D        | Noticed a meat berserker
    21 | D        | Reached XP level 19. HP: 174/174 MP: 0/0
    21 | D        | Learned a level 7 spell: Summon Hydra
    21 | D        | Noticed a destroyer
    22 | D        | Reached skill level 15 in Spellcasting
    22 | D        | Reached skill level 15 in Conjurations
    22 | D        | Reached skill level 15 in Hexes
    22 | D        | Reached skill level 15 in Summonings
    22 | D        | Reached skill level 15 in Necromancy
    22 | D        | Reached skill level 15 in Translocations
    22 | D        | Reached skill level 15 in Fire Magic
    22 | D        | Reached skill level 15 in Ice Magic
    22 | D        | Reached skill level 15 in Air Magic
    22 | D        | Reached skill level 15 in Earth Magic
    22 | D        | Reached skill level 15 in Alchemy
    22 | D        | Noticed a destroyer
    23 | D        | Killed a meat berserker
    23 | D        | Noticed a meat berserker
    23 | D        | Noticed a large bag of meat
    24 | D        | Reached ****** piety under Makhleb
    24 | D        | Noticed a destroyer
    25 | D        | Reached XP level 20. HP: 181/181 MP: 0/0
    25 | D        | Noticed a meat berserker
    26 | D        | Killed a destroyer
    26 | D        | Noticed a large bag of meat
    26 | D        | Noticed a meat berserker
    26 | D        | Noticed a meat berserker
    27 | D        | Reached skill level 27 in Armour
    27 | D        | Killed a meat berserker
    28 | D        | Reached XP level 21. HP: 187/187 MP: 0/0
    28 | D        | Learned a level 8 spell: Disjunction
    28 | D        | Killed a meat berserker
    28 | D        | Killed a destroyer
    28 | D        | Killed a meat berserker
    28 | D        | Noticed a meat berserker
    29 | D        | Reached skill level 27 in Throwing
    29 | D        | Reached skill level 27 in Spellcasting
    29 | D        | Reached skill level 27 in Conjurations
    29 | D        | Reached skill level 27 in Hexes
    29 | D        | Reached skill level 27 in Summonings
    29 | D        | Reached skill level 27 in Necromancy
    29 | D        | Reached skill level 27 in Translocations
    29 | D        | Reached skill level 27 in Fire Magic
    29 | D        | Reached skill level 27 in Ice Magic
    29 | D        | Reached skill level 27 in Air Magic
    29 | D        | Reached skill level 27 in Earth Magic
    29 | D        | Reached skill level 27 in Alchemy
    29 | D        | Noticed a destroyer
    30 | D        | Reached XP level 22. HP: 194/194 MP: 0/0
    30 | D        | Killed a meat berserker
    31 | D        | Noticed a meat berserker
    31 | D        | Noticed a large bag of meat
    31 | D        | Noticed a destroyer
    31 | D        | Noticed a destroyer
    32 | D        | Killed a meat berserker
    32 | D        | Killed a destroyer
    32 | D        | Killed a large bag of meat
    33 | D        | Reached skill level 10 in Maces & Flails
    33 | D        | Reached skill level 10 in Polearms
    33 | D        | Reached skill level 10 in Ranged Weapons
    33 | D        | Reached skill level 10 in Shapeshifting
    33 | D        | Killed a large bag of meat
    33 | D        | Killed a meat berserker
    33 | D        | Killed a meat berserker
    33 | D        | Noticed a large bag of meat
    34 | D        | Reached XP level 23. HP: 194/201 MP: 0/0
    34 | D        | Learned a level 8 spell: Infestation
    34 | D        | Killed a destroyer
    35 | D        | Reached skill level 15 in Short Blades
    35 | D        | Reached skill level 15 in Long Blades
    35 | D        | Reached skill level 15 in Staves
    35 | D        | Reached skill level 15 in Stealth
    35 | D        | Reached XP level 24. HP: 204/208 MP: 0/0
    35 | D        | Killed a large bag of meat
    36 | D        | Reached skill level 15 in Maces & Flails
    36 | D        | Reached skill level 15 in Polearms
    36 | D        | Reached skill level 15 in Ranged Weapons
    36 | D        | Reached skill level 15 in Shapeshifting
    37 | D        | Killed a destroyer
    38 | D        | Reached XP level 25. HP: 210/214 MP: 0/0
    38 | D        | Learned a level 9 spell: Death's Door
    38 | D        | Noticed a destroyer
    39 | D        | Killed a destroyer
    39 | D        | Noticed a destroyer
    40 | D        | Reached XP level 26. HP: 217/221 MP: 0/0
    40 | D        | Killed a large bag of meat
    41 | D        | Killed a destroyer
    45 | D        | Noticed a destroyer
    46 | D        | Reached XP level 27. HP: 228/228 MP: 0/0
    46 | D        | Learned a level 9 spell: Chain Lightning
    46 | D        | Killed a destroyer
    47 | D        | Noticed a tyrant
    48 | D        | Noticed an accursed
    49 | D        | Killed a destroyer
    49 | D        | Killed an accursed
    51 | D        | Noticed an accursed
    52 | D        | Noticed a destroyer
    53 | D        | Reached skill level 27 in Shields
    53 | D        | Reached skill level 27 in Unarmed Combat
    53 | D        | Reached skill level 27 in Invocations
    53 | D        | Reached skill level 27 in Evocations
    54 | D        | Noticed a destroyer
    56 | D        | Noticed a tyrant
    56 | D        | Killed a tyrant
    56 | D        | Killed a destroyer
    57 | D        | Reached skill level 27 in Short Blades
    57 | D        | Reached skill level 27 in Long Blades
    57 | D        | Reached skill level 27 in Staves
    57 | D        | Reached skill level 27 in Stealth
    57 | D        | Killed an accursed
    57 | D        | Killed a destroyer
    57 | D        | Noticed a tyrant
    58 | D        | Reached skill level 27 in Maces & Flails
    58 | D        | Reached skill level 27 in Polearms
    58 | D        | Reached skill level 27 in Ranged Weapons
    58 | D        | Reached skill level 27 in Shapeshifting
    58 | D        | Noticed a large bag of meat
    58 | D        | Noticed a meat beast
    60 | D        | Killed a meat beast
    61 | D        | Noticed a dread
    61 | D        | Noticed a large bag of meat
    63 | D        | Noticed an accursed
    65 | D        | Killed a tyrant
    65 | D        | Noticed a destroyer
    66 | D        | Killed a tyrant
    66 | D        | Killed a large bag of meat
    67 | D        | Noticed a tyrant
    68 | D        | Noticed an accursed
    68 | D        | Killed an accursed
    69 | D        | Noticed a large bag of meat
    70 | D        | Noticed a dread
    70 | D        | Killed a large bag of meat
    71 | D        | Noticed a meat beast
    72 | D        | Noticed a dread
    72 | D        | Killed a dread
    74 | D        | Killed a destroyer
    76 | D        | Killed a meat beast
    76 | D        | Noticed a large bag of meat
    77 | D        | Killed a tyrant
    78 | D        | Killed an accursed
    78 | D        | Noticed a meat beast
    80 | D        | Killed a dread
    80 | D        | Noticed a dread
    81 | D        | Noticed a large bag of meat
    84 | D        | Killed a meat beast
    86 | D        | Noticed a meat beast
    86 | D        | Killed a large bag of meat
    87 | D        | Killed a large bag of meat
    87 | D        | Noticed a meat beast
    89 | D        | Killed a meat beast
    89 | D        | Killed a large bag of meat
    92 | D        | Killed a dread
    92 | D        | Killed a meat beast
    94 | D        | Noticed a tyrant
    94 | D        | Noticed a tyrant
    94 | D        | Noticed a tyrant
    95 | D        | Killed a tyrant
    95 | D        | Killed a tyrant
    97 | D        | Killed a tyrant
    98 | D        | Noticed The Defiler
    98 | D        | Noticed a meat beast
    98 | D        | Noticed a destroyer
    99 | D        | Killed The Defiler
    99 | D        | Killed a destroyer
    99 | D        | Noticed a large bag of meat
   100 | D        | Noticed an accursed
   100 | D        | Noticed a tyrant
   101 | D        | Killed a large bag of meat
   101 | D        | Killed a meat beast
   103 | D        | Noticed an accursed
   105 | D        | Noticed a dread
   105 | D        | Killed an accursed
   105 | D        | Killed a dread
   105 | D        | Noticed a tyrant
   106 | D        | Killed a tyrant
   107 | D        | Killed an accursed
   107 | D        | Noticed a dread
   108 | D        | Noticed a dread
   108 | D        | Killed a tyrant
   108 | D        | Noticed a large bag of meat
   109 | D        | Killed a dread
   109 | D        | Killed a large bag of meat
   111 | D        | Killed a dread
   111 | D        | Noticed a large bag of meat
   112 | D        | Killed a large bag of meat
   112 | D        | Noticed a meat beast
   113 | D        | Noticed an accursed
   113 | D        | Noticed a dread
   114 | D        | Killed an accursed
   114 | D        | Noticed a meat beast
   114 | D        | Noticed a destroyer
   115 | D        | Killed a dread
   115 | D        | Killed a meat beast
   115 | D        | Noticed a destroyer
   116 | D        | Killed a meat beast
   116 | D        | Killed a destroyer
   116 | D        | Noticed a dread
   117 | D        | Killed a destroyer
   117 | D        | Noticed a fleshlord
   117 | D        | Noticed a fleshlord
   118 | D        | Noticed a destroyer
   118 | D        | Noticed a dread
   118 | D        | Noticed a fleshlord
   119 | D        | Killed a destroyer
   119 | D        | Noticed a dread
   119 | D        | HP: 7/228 [observer/divine providence (9)]
   119 | D        | Noticed a fleshlord
   120 | D        | Noticed a fleshlord
   120 | D        | Killed a dread
   120 | D        | Killed a fleshlord
   120 | D        | Noticed a fleshlord
   120 | D        | Noticed a fleshlord
   121 | D        | Noticed a fleshlord
   121 | D        | Noticed a destroyer
   122 | D        | Killed a dread
   122 | D        | Killed a fleshlord
   123 | D        | Killed a fleshlord
   123 | D        | Killed a fleshlord
   123 | D        | Noticed a fleshlord
   124 | D        | Killed a dread
   124 | D        | Killed a fleshlord
   125 | D        | Noticed a fleshlord
   127 | D        | Killed a fleshlord
   127 | D        | Killed a fleshlord
   127 | D        | Noticed a tyrant
   127 | D        | Noticed a fleshlord
   128 | D        | Noticed a meat beast
   129 | D        | Killed a fleshlord
   129 | D        | Killed a dread
   129 | D        | Killed a meat beast
   129 | D        | Noticed a fleshlord
   130 | D        | Noticed a destroyer
   130 | D        | Annihilated by a fleshlord

Illustrated notes

Levels and vault maps discovered:
D:        meatsprint

Skill      XL: |  1  2  3  4  5  6  7  8  9 10 11 12 13 14 15 16 17 18 19 20 21 22 23 24 25 26 27 |
---------------+----------------------------------------------------------------------------------+-----
Fighting       | 19 23 25 27 | 27.0
Axes           | 16 19 22 24 27 | 27.0
Throwing       | 5 6 7 8 16 18 22 26 27 | 27.0
Armour         | 6 7 8 10 18 21 26 27 | 27.0
Dodging        | 20 23 25 27 | 27.0
Spellcasting   | 10 14 19 24 27 | 27.0
Conjurations   | 10 14 19 24 27 | 27.0
Hexes          | 10 14 19 24 27 | 27.0
Summonings     | 10 14 19 24 27 | 27.0
Necromancy     | 10 14 19 24 27 | 27.0
Translocations | 10 14 19 24 27 | 27.0
Fire Magic     | 10 14 19 24 27 | 27.0
Ice Magic      | 10 14 19 24 27 | 27.0
Air Magic      | 10 14 19 24 27 | 27.0
Earth Magic    | 10 14 19 24 27 | 27.0
Alchemy        | 10 14 19 24 27 | 27.0
Short Blades   | 6 13 15 18 19 21 27 | 27.0
Long Blades    | 6 13 15 18 19 21 27 | 27.0
Maces & Flails | 6 12 14 16 18 20 27 | 27.0
Polearms       | 6 12 14 16 18 20 27 | 27.0
Staves         | 6 13 15 18 19 21 27 | 27.0
Ranged Weapons | 6 12 14 16 18 20 27 | 27.0
Stealth        | 6 13 15 18 19 21 27 | 27.0
Shields        | 7 14 16 19 21 23 27 | 27.0
Unarmed Combat | 7 14 16 19 21 23 27 | 27.0
Invocations    | 7 14 16 19 21 23 27 | 27.0
Evocations     | 7 14 16 19 21 23 27 | 27.0
Shapeshifting  | 6 12 14 16 18 20 27 | 27.0

Action                     |  1- 3 |  4- 6 |  7- 9 | 10-12 | 13-15 | 16-18 | 19-21 | 22-24 | 25-27 || total
---------------------------+-------+-------+-------+-------+-------+-------+-------+-------+-------++-------
  Melee: Executioner's axe |     1 |       |       |       |     3 |     7 |     9 |    13 |   147 ||   180
   Cast: Manifold Assault  |       |       |       |       |       |       |       |     2 |    27 ||    29
    Use: Scroll            |       |       |       |       |       |       |       |     1 |     1 ||     2
 Armour: Leather armour    |     1 |       |       |       |     1 |       |       |     9 |    48 ||    59
  Dodge: Dodged            |       |       |       |       |       |       |       |       |    10 ||    10

Table legend: (Time is in decaauts)
 A = Elapsed time spent in this place.
 B = Non-inter-level travel time spent in this place.
 C = Inter-level travel time spent in this place.
 D = Time resting spent in this place.
 E = Time spent auto-exploring this place.
 F = Levels seen in this place.
 G = Mean time per level.
                   A        B        C        D        E       F      G
               +--------+--------+--------+--------+--------+-----+--------+
         Total |    117 |    117 |      0 |      0 |      0 |   1 |  117.0 |
       Dungeon |    117 |    117 |      0 |      0 |      0 |   1 |  117.0 |
               +--------+--------+--------+--------+--------+-----+--------+

Top non-repeatable levels by time:
       D: 117 daAuts
